[Event "Grand Prix Romania 1st Stage 2024"]
[Site "Bucuresti"]
[Date "2024.03.24"]
[Round "8.23"]
[White "Daianu, Cristian-Clement"]
[Black "Shuvalova, Polina"]
[Result "1-0"]
[ECO "B90"]
[WhiteElo "2201"]
[BlackElo "2455"]
[Annotator "TA"]
[PlyCount "89"]
[EventDate "2024.03.20"]
[EventType "swiss"]
[EventCountry "ROU"]
[SourceTitle "playchess.com"]
[Source "ChessBase"]
[SourceQuality "1"]
[TimeControl "900+5"]

1. e4 c5 2. Nf3 d6 3. d4 cxd4 4. Nxd4 Nf6 5. Nc3 a6 6. h3 e5 7. Nb3 h5 (7... Be7 $11) 8. Bg5 $14 Be6 9. Qd2 Nbd7 {[%emt 0:00:05] White is slightly better.} 10. O-O-O Be7 11. Kb1 b5 12. Bd3 b4 $1 13. Na4 O-O (13... Rb8 $11) 14. g4 {[%emt 0:00:29] White is more active.} a5 15. gxh5 Nxh5 16. Be3 Qc7 17. Qe2 Nhf6 (17... Ndf6 $15) 18. f4 (18. Rhg1 {is more complex.} Rfc8 19. f4 Qc6 20. f5) 18... exf4 19. Bxf4 Ne5 $1 20. Rhg1 Qc6 (20... Bd7 $11 21. Bh6 g6 22. Bxf8 Bxf8) 21. Nd4 ({White should try} 21. Qg2 $14 g6 22. Nd4 Qxa4 (22... Bxa2+ $2 23. Ka1 $18) 23. Nxe6) 21... Qc7 $2 (21... Qxa4 $2 22. Nxe6 fxe6 23. Bb5 $18) (21... Bxa2+ $1 $11 22. Kc1 (22. Kxa2 Qxa4+ 23. Kb1 b3 $11) 22... Nxd3+ (22... Qxa4 $2 23. Bb5 $18) 23. Qxd3 Qxe4 (23... Qxa4 24. Nf5 $11)) 22. Bxe5 dxe5 23. Nxe6 fxe6 24. Bc4 $40 {[%emt 0:00:01][%mdl 128] White is out for blood.} (24. h4 $18) 24... Qc6 {[%emt 0:00:11] [#]} (24... Rad8 $16 {keeps fighting.}) 25. Rg6 (25. Rg5 $1 $18 {[%cal Rg5e5] And now Rxe5! would win.} Nh7 26. Rxe5 (26. Bb5 Qc7 $18)) 25... Kf7 $2 (25... Qxa4 $2 {perishes.} 26. Bb5 $18 (26. Bxe6+ Kh8 $18) (26. Bxe6+ Kh8 $18)) (25... Rad8 $16 {is more resistant.} 26. Re1 (26. Rdg1 Rf7 $16) 26... Kh7 (26... Qxa4 27. Bb5 $18)) 26. Rdg1 Rg8 27. b3 Bf8 $2 (27... Rad8 28. h4 (28. Nb2 Bc5 $18) 28... Rd4) 28. Qf3 Rh8 {[%emt 0:00:30] Black is weak on the light squares} 29. Nb2 Rh4 30. Nd3 Qxe4 {[%emt 0:01:33] [#]} 31. Nxe5+ $3 Ke7 (31... Ke8 32. Rxf6) 32. Qg3 {[%emt 0:00:11] Threatens to win with Rxg7+.} Rh7 33. Nd3 Rc8 {[%emt 0:00:10] Against Qc7+} 34. Re1 Qd4 35. Rxe6+ Kd8 36. Re1 (36. Bb5 $142 {[%cal Og6f6] White threatens Rgxf6! and mate.} Nd7 37. Rd6 Bxd6 38. Rxd6 Qxd6 39. Qxd6) 36... Ne4 {[%emt 0:00:10] [#]} (36... Rh4 $142 37. Qf3 Qc3) 37. Rxe4 $1 $18 Qxe4 38. Qg5+ Be7 39. Qxa5+ Ke8 40. Re6 Qb7 41. Qf5 (41. Qxb4 Qxb4 42. Nxb4 Rxc4 43. bxc4 Kf7 $14) 41... Rh6 42. Ne5 Rxe6 43. Qxe6 Qh1+ 44. Kb2 Qe1 45. Bb5+ {[%emt 0:00:03] Weighted Error Value: White=0.95/Black=0.54.  Loses game:     	---       	Black=1      Mistake:       	White=3     	Black=6      Inaccurate:     	White=5     	Black=3      OK:         	White=3     	Black=5      Best:        	White=1     	Black=2      Strong:       	---       	Black=2} 1-0

[Event "Grand Prix Romania 1st Stage 2024"]
[Site "Bucuresti"]
[Date "2024.03.24"]
[Round "8.24"]
[White "Baltag, Iulian"]
[Black "Stefan, Romulus-Cristian"]
[Result "1-0"]
[ECO "C45"]
[WhiteElo "2412"]
[BlackElo "2171"]
[Annotator "TA"]
[PlyCount "43"]
[EventDate "2024.03.20"]
[EventType "swiss"]
[EventCountry "ROU"]
[SourceTitle "playchess.com"]
[Source "ChessBase"]
[SourceQuality "1"]
[TimeControl "900+5"]

1. e4 e5 2. Nf3 Nc6 3. d4 exd4 4. Nxd4 Bb4+ 5. c3 Bc5 6. Be3 Bb6 7. Nf5 d5 8. Nxg7+ Kf8 {[%emt 0:00:01] [#] ...Bxe3 would now be deadly.} 9. Bxb6 (9. Nh5 {feels hotter.} Qh4 10. Ng3 dxe4 11. Qd2) 9... axb6 {[%emt 0:00:24] White is slightly better.} 10. exd5 Kxg7 11. dxc6 Qg5 {[%emt 0:00:40] And now ...Nf6 would win.} 12. Be2 Nf6 13. O-O bxc6 14. Qd2 Qg6 15. Bf3 Bd7 ({Better is} 15... Be6) 16. Qf4 $16 Rac8 17. Nd2 c5 18. Nc4 {[%emt 0:00:16] [#] Ne5 is the strong threat.} Rhe8 (18... Qf5 {might work better.} 19. Qxf5 Bxf5) 19. Ne5 $18 Qf5 20. Qg3+ Kf8 21. Nxd7+ Nxd7 $2 (21... Qxd7 22. Rad1 Qe6) 22. Bg4 {[%emt 0:00:06] Weighted Error Value: White=0.09 (flawless) /Black=0.29 (precise) .  Mistake:       	---       	Black=3      Inaccurate:     	---       	Black=1      OK:         	White=8     	Black=2      Best:        	White=1     	Black=2} 1-0

[Event "Grand Prix Romania 1st Stage 2024"]
[Site "Bucuresti"]
[Date "2024.03.24"]
[Round "8.25"]
[White "Magold, Filip"]
[Black "Vasilescu, Lucian-Mihail"]
[Result "1-0"]
[ECO "B22"]
[WhiteElo "2403"]
[BlackElo "2116"]
[Annotator "TA"]
[PlyCount "69"]
[EventDate "2024.03.20"]
[EventType "swiss"]
[EventCountry "ROU"]
[SourceTitle "playchess.com"]
[Source "ChessBase"]
[SourceQuality "1"]
[TimeControl "900+5"]

1. e4 c5 2. Nf3 a6 3. c3 e6 4. d4 d5 5. exd5 exd5 6. Bd3 Nc6 7. O-O Bd6 8. dxc5 Bxc5 {[%emt 0:00:01] Weiß steht etwas besser.} 9. Nbd2 Nge7 10. Nb3 Bd6 11. h3 O-O 12. Bg5 h6 13. Bh4 Qc7 14. Qd2 Bf4 15. Qe1 Nf5 {[%emt 0:00:01] Weiss sollte ...Ne5 verhindern.} 16. Rd1 (16. Qb1 $11 {hält das Gleichgewicht.} g6 (16... Nxh4 17. Nxh4 Ne5 18. Nd4 $11) 17. Qc2) 16... Bd7 (16... Ne5 $17 {...Nxf3+ ist eine echte Drohung.} 17. Nxe5 Re8 (17... Nxh4 18. Ng4 $17) 18. Bxf5 Rxe5) 17. Bxf5 (17. Qe2 $1 $15) 17... Rfe8 $36 {[%emt 0:00:42][%mdl 2048] Weiss steht unter starkem Druck.} (17... Bxf5 $6 18. Bg3 $11) 18. Bxd7 Rxe1 19. Rfxe1 Qxd7 20. Nc5 Qc7 21. Rxd5 g5 22. Bg3 Bxg3 23. fxg3 Rd8 {[%emt 0:00:43] Wehrt Rd7 ab} (23... Qxg3 24. Rd7 $17) 24. Rxd8+ Nxd8 25. Ne4 f5 26. Nf2 Nf7 (26... Qxg3 $2 27. Re8+ Kh7 28. Rxd8 $18) 27. g4 fxg4 28. Nxg4 Qb6+ 29. Nd4 Qxb2 30. Re8+ Kh7 31. Nf6+ Kg6 32. Ne4 (32. Nd5 $11 Qb1+ (32... Qxa2 33. Rg8+ Kh5 34. Nf6+ Kh4 35. Nf5#) 33. Kh2) 32... Qxa2 $2 {[%emt 0:00:46][%mdl 8192] [#]} (32... Nd8 $15 33. Kh2 Qb6) 33. Rg8+ {[%emt 0:00:06] Weiß setzt Matt.} Kh5 34. Ng3+ {[%emt 0:00:03] Ein dynamisches Springerpaar.} Kh4 35. Ndf5# {[%emt 0:00:02] Gewichteter Fehlerwert: Weiß=0.19 (sehr präzise) /Schwarz=0.23 (präzise) .  Verlustzug:     	---       	Schwarz=1     Fehler:       	Weiß=3     	Schwarz=1     Ungenau:       	Weiß=3     	Schwarz=4     OK:         	Weiß=8     	Schwarz=10    Bester:       	Weiß=4     	---} 1-0

[Event "Grand Prix Romania 1st Stage 2024"]
[Site "Bucuresti"]
[Date "2024.03.24"]
[Round "8.26"]
[White "Vrencian, Lehel"]
[Black "Ben Ari, Yannay"]
[Result "0-1"]
[ECO "B22"]
[WhiteElo "2156"]
[BlackElo "2434"]
[Annotator "TA"]
[PlyCount "62"]
[EventDate "2024.03.20"]
[EventType "swiss"]
[EventCountry "ROU"]
[SourceTitle "playchess.com"]
[Source "ChessBase"]
[SourceQuality "1"]
[TimeControl "900+5"]

1. e4 c5 2. Nf3 e6 3. c3 d5 4. exd5 Qxd5 5. d4 Nf6 6. Na3 a6 7. Nc4 Nbd7 8. Be2 b5 9. Na5 Qd6 10. a4 {[%emt 0:00:58] White is slightly better.} Qc7 11. axb5 (11. dxc5 $1 $14 Bxc5 (11... Qxa5 12. b4 $16) 12. b4) 11... axb5 $15 12. Nb3 Rxa1 13. Nxa1 b4 14. O-O Be7 (14... Bb7 $15) 15. dxc5 $11 bxc3 16. b4 Nd5 17. Nc2 O-O 18. Bd3 Bb7 19. Ng5 (19. Re1 $11) 19... N7f6 20. Ne4 $2 {[%emt 0:02:24] [#] Loses the game.} ({White should try} 20. Qe2 $15) 20... Nxe4 $1 $19 21. Bxe4 Nxb4 22. Bxh7+ (22. Bxb7 $142 Qxb7 23. Be3) 22... Kxh7 23. Nxb4 Qxc5 {[%emt 0:00:11] Active counter play!} 24. Nd3 Qd5 {[%emt 0:00:28] White is weak on the light squares} 25. Nf4 Qxd1 26. Rxd1 Ra8 27. Ne2 Bf6 28. Be3 Ra2 29. Nc1 Ra1 {[%emt 0:00:14] [#] White must now prevent ...c2.} 30. Re1 c2 {[%emt 0:00:11] Hoping for ...Bc3.} 31. Nd3 $2 (31. Re2 Be4 32. f3) 31... Rd1 {[%emt 0:00:02] Weighted Error Value: White=0.65/Black=0.15 (very precise) .  Loses game:     	White=1     	---        Mistake:       	White=4     	Black=1      Inaccurate:     	White=2     	Black=4      OK:         	White=8     	Black=9      Best:        	White=1     	Black=1      Strong:       	---       	Black=1} 0-1

[Event "Grand Prix Romania 1st Stage 2024"]
[Site "Bucuresti"]
[Date "2024.03.24"]
[Round "8.27"]
[White "Banzea, Alexandru-Bogdan"]
[Black "Filip, Andrei"]
[Result "0-1"]
[ECO "D00"]
[WhiteElo "2394"]
[BlackElo "2289"]
[Annotator "RC"]
[PlyCount "88"]
[EventDate "2024.03.20"]
[EventType "swiss"]
[EventCountry "ROU"]
[SourceTitle "playchess.com"]
[Source "ChessBase"]
[SourceQuality "1"]
[TimeControl "900+5"]

1. d4 Nf6 2. Nc3 d5 3. Bf4 g6 4. e3 Bg7 5. Nb5 Na6 6. Nf3 O-O 7. h3 c6 8. Nc3 Nc7 9. Be2 b6 10. a4 a5 11. Ne5 Bb7 12. O-O Nce8 13. Bf3 Nd6 14. Rc1 e6 15. Ne2 Nfe4 16. b3 f6 17. Nd3 Qe7 18. c4 e5 19. cxd5 cxd5 20. Bh2 Ng5 21. Nc3 e4 22. Bxd6 Qxd6 23. Nb5 Qd8 24. Nf4 exf3 25. h4 fxg2 26. Kxg2 Ne4 27. Ne6 Qe7 28. Nxf8 Qxf8 29. Rc7 Ba6 30. Qc2 Nd6 31. Qc6 Nf5 32. Qe6+ Kh8 33. Rfc1 Nxh4+ 34. Kh3 Nf5 35. Rf7 Qg8 36. Rcc7 Bc8 37. Rxc8 Qxc8 38. Qxc8+ Rxc8 39. Rb7 Bf8 40. Rxb6 Rc2 41. Rxf6 Bb4 42. Rf7 Rxf2 43. Nc7 Rf3+ 44. Kg4 Rg3+ 0-1

[Event "Grand Prix Romania 1st Stage 2024"]
[Site "Bucuresti"]
[Date "2024.03.24"]
[Round "8.28"]
[White "Padurean, Daniel-Cristian"]
[Black "Ghimpu, Samuel-Timotei"]
[Result "0-1"]
[ECO "B22"]
[WhiteElo "2115"]
[BlackElo "2467"]
[Annotator "TA"]
[PlyCount "101"]
[EventDate "2024.03.20"]
[EventType "swiss"]
[EventCountry "ROU"]
[SourceTitle "playchess.com"]
[Source "ChessBase"]
[SourceQuality "1"]
[TimeControl "900+5"]

1. e4 c5 2. c3 Nf6 3. e5 Nd5 4. d4 cxd4 5. Nf3 d6 6. cxd4 Nc6 7. Bc4 e6 8. O-O Be7 9. Re1 O-O 10. Nc3 dxe5 11. Nxe5 Nxe5 12. Rxe5 Bf6 {[%emt 0:00:13] Threatens to win with ...Nxc3.} 13. Rh5 Nb6 {[%emt 0:00:29] Black is slightly better.} 14. Bd3 g6 15. Rh3 (15. Bh6 $15) 15... e5 16. dxe5 (16. Rg3 $142) 16... Bxh3 $17 17. exf6 Bf5 18. Bxf5 {[%emt 0:00:26] Black must now prevent Bc2.} Qxd1+ (18... gxf5 19. Qf3 Qxf6 20. h3) 19. Nxd1 gxf5 ({Black should play} 19... Rfe8 $1 $17 20. Ne3 gxf5) 20. Bh6 $15 Rfe8 21. Ne3 Re6 22. Bg7 (22. Nxf5 $15 Nd5 (22... Rxf6 23. g4 $11) 23. h3) 22... Rae8 $36 {[%emt 0:02:46][%mdl 2048] And now ...f4 would win. Keeping White busy.} 23. g3 h5 24. Nxf5 (24. Rd1 $15) 24... Kh7 25. Nh6 Nd5 26. Nxf7 {[%emt 0:00:22] Hoping for Ng5+.} Nxf6 27. Bxf6 Rxf6 $19 {[%emt 0:00:02][%mdl 4096] Endgame. KRR-KRN} 28. Ng5+ {[%emt 0:00:01] [#]} Kh6 $1 {[%emt 0:00:03][%mdl 1024] Black has strong compensation.} 29. Nh3 Re2 {[%emt 0:00:04] Black is more active.} 30. b3 (30. b4 $17) 30... Rd6 (30... Ra6 $19 31. Rd1 h4 (31... Rexa2 $2 32. Rd4 $17) (31... Raxa2 32. Rd6+ Kg7 33. Rd7+ Kg8 34. Rxb7 $15)) 31. Nf4 $2 {[%emt 0:00:39] White does not recover from this.} (31. Kg2 $17 {is a better defense.}) 31... Red2 32. Kg2 {[%emt 0:00:11] [#]} Rd1 33. Rxd1 Rxd1 {[%emt 0:00:01] KR-KN} 34. Ne6 Rd2 35. a4 Rd6 36. Nc5 b6 37. Na6 Rd3 38. b4 Ra3 39. h4 $2 (39. b5) 39... Rxa4 40. b5 Rc4 41. f3 Kg6 42. Kf2 (42. Kh3 $142) 42... Kf5 43. Ke3 Rc3+ 44. Ke2 Rc2+ 45. Kd3 Rg2 46. g4+ hxg4 47. fxg4+ Rxg4 48. h5 Rh4 49. Nb8 Rxh5 50. Nc6 Rh7 51. Kd4 {[%emt 0:00:26] Weighted Error Value: White=0.67/Black=0.14 (very precise) .  Loses game:     	White=1     	---        Mistake:       	White=6     	Black=2      Inaccurate:     	White=2     	Black=1      OK:         	White=12    	Black=8      Best:        	White=3     	Black=6      Strong:       	---       	Black=1} 0-1

[Event "Grand Prix Romania 1st Stage 2024"]
[Site "Bucuresti"]
[Date "2024.03.24"]
[Round "8.29"]
[White "Voiteanu, Gabriel"]
[Black "Filip, Lucian-Ioan"]
[Result "0-1"]
[ECO "E15"]
[WhiteElo "2120"]
[BlackElo "2359"]
[Annotator "RC"]
[PlyCount "76"]
[EventDate "2024.03.20"]
[EventType "swiss"]
[EventCountry "ROU"]
[SourceTitle "playchess.com"]
[Source "ChessBase"]
[SourceQuality "1"]
[TimeControl "900+5"]

1. d4 Nf6 2. c4 e6 3. Nf3 b6 4. g3 Ba6 5. Qc2 c5 6. d5 exd5 7. cxd5 Bb7 8. Nc3 Nxd5 9. Nxd5 Bxd5 10. Bg2 Be7 11. O-O Nc6 12. Rd1 Be6 13. Bf4 Rc8 14. Ne5 Nd4 15. Qd3 f6 16. Nc4 d5 17. Na3 Qd7 18. e3 Nc6 19. Bxd5 Bxd5 20. Qxd5 Qxd5 21. Rxd5 g5 22. Bd6 Rd8 23. Rad1 Nb4 24. Bxe7 Rxd5 25. Rxd5 Nxd5 26. e4 Kxe7 27. exd5 Rd8 28. Kf1 Rxd5 29. Ke2 a6 30. Nc4 b5 31. Ne3 Rd8 32. Nf5+ Ke6 33. Ne3 f5 34. f4 gxf4 35. gxf4 Rd4 36. Ng2 Rb4 37. b3 c4 38. bxc4 Rxc4 0-1

[Event "Grand Prix Romania 1st Stage 2024"]
[Site "Bucuresti"]
[Date "2024.03.24"]
[Round "8.30"]
[White "Ciocani, Iosif"]
[Black "Toma, Radu-Cristian"]
[Result "0-1"]
[ECO "C41"]
[WhiteElo "2177"]
[BlackElo "2386"]
[Annotator "RC"]
[PlyCount "108"]
[EventDate "2024.03.20"]
[EventType "swiss"]
[EventCountry "ROU"]
[SourceTitle "playchess.com"]
[Source "ChessBase"]
[SourceQuality "1"]
[TimeControl "900+5"]

1. e4 d6 2. d4 Nf6 3. Nc3 e5 4. Nf3 Nbd7 5. Bc4 Be7 6. O-O c6 7. a4 h6 8. Re1 O-O 9. h3 b6 10. d5 Bb7 11. dxc6 Bxc6 12. b4 a5 13. Ba3 axb4 14. Bxb4 Qc7 15. Nb5 Bxb5 16. Bxb5 Rfd8 17. c4 Nc5 18. Qc2 Nfd7 19. Nd2 Nf8 20. Nf1 Nfe6 21. Ne3 Nd4 22. Qb1 Rdc8 23. Nd5 Qd8 24. Bc3 Ncb3 25. Ra3 Nxb5 26. Rxb3 Nxc3 27. Rxc3 Ra5 28. Qxb6 Qxb6 29. Nxb6 Rb8 30. Nd5 Bg5 31. Ra1 Rb2 32. Kf1 g6 33. g3 f5 34. exf5 gxf5 35. h4 Bd8 36. Rd3 Kf7 37. Ke1 Ke6 38. Rd2 Rb3 39. Rdd1 Rc5 40. Rdc1 Rb2 41. Kf1 h5 42. Ne3 f4 43. gxf4 Bxh4 44. fxe5 Rxf2+ 45. Kg1 Rxe5 46. Re1 Rf3 47. Ng2 Bxe1 48. Nxe1 Rg5+ 49. Kh2 Rf4 50. Kh3 Ra5 51. Ra3 Rxc4 52. Nd3 Raxa4 53. Rb3 Re4 54. Rb6 Ra3 0-1

[Event "Grand Prix Romania 1st Stage 2024"]
[Site "Bucuresti"]
[Date "2024.03.24"]
[Round "8.31"]
[White "Zubcu, Vlad-George"]
[Black "Manea, Alexandru"]
[Result "0-1"]
[ECO "B23"]
[WhiteElo "2181"]
[BlackElo "2287"]
[Annotator "RC"]
[PlyCount "120"]
[EventDate "2024.03.20"]
[EventType "swiss"]
[EventCountry "ROU"]
[SourceTitle "playchess.com"]
[Source "ChessBase"]
[SourceQuality "1"]
[TimeControl "900+5"]

1. e4 c5 2. Nc3 e6 3. g3 h5 4. Bg2 h4 5. g4 e5 6. d3 g5 7. h3 d6 8. Nf3 f6 9. b4 cxb4 10. Nd5 Nc6 11. Bd2 Be6 12. Nxb4 Nxb4 13. Bxb4 Ne7 14. c4 Nc6 15. Bd2 Be7 16. a4 Qd7 17. a5 Kf7 18. O-O Rab8 19. Kh2 b5 20. axb6 Rxb6 21. Be3 Rb7 22. Qc1 Kg6 23. d4 Bf7 24. d5 Nb8 25. c5 dxc5 26. Bxg5 Kg7 27. Bxh4 Rb3 28. Qd1 Rxf3 29. Qxf3 Rxh4 30. Rfb1 Rh8 31. Kg1 c4 32. Bf1 Bc5 33. Bxc4 Bb6 34. Kg2 Qd6 35. Bb5 Bg6 36. Qe2 Qe7 37. Rc1 Qd6 38. f3 Qd8 39. Rh1 Nd7 40. Bxd7 Qxd7 41. h4 Qd6 42. Qc4 Be8 43. h5 Bd7 44. Rhc1 Rc8 45. Qe2 Rxc1 46. Rxc1 Qa3 47. Qc2 Qe3 48. Rd1 Bb5 49. Qd2 Qb3 50. d6 Bd7 51. g5 Qf7 52. g6 Qe6 53. Rh1 f5 54. h6+ Kh8 55. Qg5 Qa2+ 56. Kh3 fxe4+ 57. Kh4 Qf2+ 58. Qg3 Bd8+ 59. Kh5 Qxg3 60. g7+ Kh7 0-1

[Event "Grand Prix Romania 1st Stage 2024"]
[Site "Bucuresti"]
[Date "2024.03.24"]
[Round "8.32"]
[White "Veress, Armand"]
[Black "Cosma, Ioan"]
[Result "1-0"]
[ECO "D35"]
[WhiteElo "2098"]
[BlackElo "2316"]
[Annotator "RC"]
[PlyCount "79"]
[EventDate "2024.03.20"]
[EventType "swiss"]
[EventCountry "ROU"]
[SourceTitle "playchess.com"]
[Source "ChessBase"]
[SourceQuality "1"]
[TimeControl "900+5"]

1. d4 Nf6 2. Nf3 d5 3. c4 e6 4. Nc3 Nbd7 5. cxd5 exd5 6. Bg5 h6 7. Bf4 Bb4 8. e3 c5 9. Bd3 c4 10. Bc2 O-O 11. O-O Bxc3 12. bxc3 Qa5 13. Qc1 Re8 14. Ne5 Nxe5 15. Bxe5 Ne4 16. f3 Nc5 17. Qe1 Nd7 18. Bf4 Nf8 19. e4 Bf5 20. Be5 Bg6 21. Rc1 Re6 22. exd5 Qxd5 23. Qg3 f6 24. Bxg6 Nxg6 25. Qxg6 fxe5 26. Qh5 Rd8 27. Rce1 Qa5 28. f4 Qxc3 29. dxe5 Rd2 30. Qg4 Qd4+ 31. Kh1 Re8 32. Qg6 Rd8 33. f5 h5 34. h3 Rf8 35. f6 Rf7 36. fxg7 Rdf2 37. Rxf2 Rxf2 38. e6 Qf4 39. e7 Rf1+ 40. Rxf1 1-0

[Event "Grand Prix Romania 1st Stage 2024"]
[Site "Bucuresti"]
[Date "2024.03.24"]
[Round "8.33"]
[White "Dobre, Claudiu-Cristian"]
[Black "Vedmediuc, Artiom"]
[Result "1-0"]
[ECO "D12"]
[WhiteElo "2259"]
[BlackElo "2035"]
[Annotator "RC"]
[PlyCount "68"]
[EventDate "2024.03.20"]
[EventType "swiss"]
[EventCountry "ROU"]
[SourceTitle "playchess.com"]
[Source "ChessBase"]
[SourceQuality "1"]
[TimeControl "900+5"]

1. d4 d5 2. Nf3 Nf6 3. e3 c6 4. c4 Bf5 5. Nc3 e6 6. Nh4 Bg6 7. Qb3 Qc7 8. Nxg6 hxg6 9. Be2 Be7 10. Bd2 Nbd7 11. g3 O-O 12. O-O dxc4 13. Qxc4 e5 14. Rac1 Nb6 15. Qb3 Rad8 16. Rfd1 exd4 17. Nb5 Qb8 18. Nxd4 Nbd5 19. a4 Rd7 20. Bf1 Ne4 21. Be1 Bf6 22. f3 Ng5 23. Bg2 Re8 24. e4 Nb6 25. Bf2 Qd8 26. Ne2 Ree7 27. h4 Ne6 28. Bh3 Rxd1+ 29. Rxd1 Rd7 30. Rxd7 Qxd7 31. Nf4 Qd2 32. Bxe6 fxe6 33. Qxe6+ Kh7 34. e5 Qd1+ 1-0

[Event "Grand Prix Romania 1st Stage 2024"]
[Site "Bucuresti"]
[Date "2024.03.24"]
[Round "8.34"]
[White "Petrescu, Georgian-Dorin"]
[Black "Lauda, Alexandr"]
[Result "0-1"]
[ECO "E90"]
[WhiteElo "2064"]
[BlackElo "2198"]
[Annotator "RC"]
[PlyCount "88"]
[EventDate "2024.03.20"]
[EventType "swiss"]
[EventCountry "ROU"]
[SourceTitle "playchess.com"]
[Source "ChessBase"]
[SourceQuality "1"]
[TimeControl "900+5"]

1. d4 Nf6 2. Nf3 g6 3. c4 Bg7 4. Nc3 d6 5. e4 O-O 6. Bg5 c5 7. d5 h6 8. Bh4 e6 9. Bd3 exd5 10. cxd5 a6 11. a4 Re8 12. O-O Nbd7 13. Bg3 Ne5 14. Bxe5 dxe5 15. Nd2 Nh5 16. Nc4 Nf4 17. Ne2 Rb8 18. a5 Bd7 19. Nxf4 exf4 20. Qf3 Qg5 21. g3 Bh3 22. Rfe1 fxg3 23. hxg3 Bd4 24. Ra3 Bg4 25. Qf4 Qh5 26. Bf1 Rbd8 27. Bg2 g5 28. Qc7 Rd7 29. Qb6 Rxd5 30. Qxb7 Rf5 31. Ne3 Rf6 32. Rb3 Bf3 33. g4 Bxg4 34. Rb6 Rf4 35. Qc6 Re6 36. Qa8+ Kh7 37. Rxe6 Bxe6 38. Qxa6 Qh4 39. Qe2 g4 40. e5 Kg7 41. a6 g3 42. f3 Qh2+ 43. Kf1 Bh3 44. Ng4 Qg1# 0-1

[Event "Grand Prix Romania 1st Stage 2024"]
[Site "Bucuresti"]
[Date "2024.03.24"]
[Round "8.35"]
[White "Stoyanov, Tsvetan"]
[Black "Maria, Lia-Alexandra"]
[Result "1-0"]
[ECO "A29"]
[WhiteElo "2465"]
[BlackElo "1996"]
[Annotator "RC"]
[PlyCount "53"]
[EventDate "2024.03.20"]
[EventType "swiss"]
[EventCountry "ROU"]
[SourceTitle "playchess.com"]
[Source "ChessBase"]
[SourceQuality "1"]
[TimeControl "900+5"]

1. c4 e5 2. Nc3 Nf6 3. Nf3 Nc6 4. g3 Bb4 5. Nd5 e4 6. Nh4 O-O 7. Bg2 Re8 8. O-O d6 9. b3 g5 10. Bb2 Nxd5 11. cxd5 Nb8 12. Qc2 gxh4 13. a3 Ba5 14. b4 Bb6 15. Bxe4 hxg3 16. hxg3 Qg5 17. Kg2 Qg4 18. Bxh7+ Kf8 19. e3 Qh3+ 20. Kg1 Bg4 21. Be4 Nd7 22. Bg2 Qh6 23. Qc4 Bh3 24. f4 Bf5 25. Kf2 Nf6 26. Rh1 Qg6 27. Bd4 1-0

[Event "Grand Prix Romania 1st Stage 2024"]
[Site "Bucuresti"]
[Date "2024.03.24"]
[Round "8.36"]
[White "Sokolov, Ivan"]
[Black "Economescu, Valentin"]
[Result "1-0"]
[ECO "A73"]
[WhiteElo "2590"]
[BlackElo "2147"]
[Annotator "TA"]
[PlyCount "97"]
[EventDate "2024.03.20"]
[EventType "swiss"]
[EventCountry "ROU"]
[SourceTitle "playchess.com"]
[Source "ChessBase"]
[SourceQuality "1"]
[TimeControl "900+5"]

1. d4 Nf6 2. c4 c5 3. d5 e6 4. Nc3 exd5 5. cxd5 d6 6. Nf3 g6 7. Nd2 Bg7 8. e4 O-O 9. Be2 Na6 10. O-O Rb8 11. Kh1 Nc7 12. a4 b6 {[%emt 0:00:19] White is slightly better.} 13. Ra3 (13. Nc4 $14) 13... Re8 (13... a6 $15) 14. f3 $14 Nh5 15. Nc4 Ba6 16. g4 Nf6 17. Bf4 Bxc4 18. Bxc4 h5 {[%emt 0:00:47] [#]} ({Better is} 18... a6) 19. g5 (19. e5 $1 $16 dxe5 20. Bg5) 19... Nh7 20. Rg1 a6 {[%emt 0:00:47] aiming for ...b5.} 21. Rb3 {[%emt 0:00:19] Black is weak on the light squares} Re7 22. Qf1 b5 23. axb5 axb5 24. Nxb5 Nxb5 25. Rxb5 Rxb5 26. Bxb5 Bxb2 27. h4 Ra7 28. Qh3 Bd4 29. Rf1 Nf8 30. Qg3 (30. Rb1 $11 {remains equal.}) 30... Qb8 (30... Qb6 $17 31. Bc4 Nd7 32. Bxd6 Qb4) 31. Rb1 $11 Ra1 32. Rxa1 Bxa1 33. Bc6 (33. Qe1 $11 {keeps the balance.}) 33... Be5 ({Much worse is} 33... Qb1+ 34. Qg1 Qb3 35. Qf1 $11) (33... Bd4 {with more complications.} 34. Qe1 Qb3 35. Kg2 c4) 34. Bxe5 dxe5 $15 {[%emt 0:00:02][%mdl 4096] Endgame. KQB-KQN} 35. Qf2 Qd6 (35... c4 $15 36. Kg2 c3) 36. Qc2 Nd7 (36... f6 $11) 37. Kg2 Nb8 (37... Nb6 $14) 38. Qa4 $16 {[%emt 0:00:45] White is more active.} Kf8 39. Bb5 Qb6 {[%emt 0:00:15] Wards off Qa7} 40. Kf1 Ke7 41. Ke2 ({White should play} 41. Ke1 $18) 41... f6 {[%emt 0:00:20] [#]} 42. gxf6+ $1 Kxf6 43. Qc4 g5 44. hxg5+ Kxg5 45. Kf2 {[%emt 0:00:03] Black must now prevent Qc1+.} Qa5 $2 {[%emt 0:00:27][%mdl 8192] This costs Black the game.} (45... Kf6 $16) 46. Qxc5 {[%emt 0:00:38] Strongly threatening Qe7+.} Qd2+ 47. Be2 Nd7 48. Qe7+ Nf6 49. Qg7+ {[%emt 0:00:03] Weighted Error Value: White=0.32/Black=0.45.  Loses game:     	---       	Black=1      Mistake:       	White=5     	Black=6      Inaccurate:     	White=5     	Black=3      OK:         	White=14    	Black=12     Best:        	White=2     	---        Strong:       	White=1     	---} 1-0

[Event "Grand Prix Romania 1st Stage 2024"]
[Site "Bucuresti"]
[Date "2024.03.24"]
[Round "8.37"]
[White "Stepanencu, Nicodim-Cosmin"]
[Black "Stan, Andrei-Mihaita"]
[Result "1-0"]
[ECO "D26"]
[WhiteElo "2278"]
[BlackElo "2042"]
[Annotator "RC"]
[PlyCount "61"]
[EventDate "2024.03.20"]
[EventType "swiss"]
[EventCountry "ROU"]
[SourceTitle "playchess.com"]
[Source "ChessBase"]
[SourceQuality "1"]
[TimeControl "900+5"]

1. d4 Nf6 2. c4 e6 3. Nc3 Bb4 4. e3 c5 5. Bd3 Nc6 6. Nf3 cxd4 7. exd4 d5 8. O-O dxc4 9. Bxc4 O-O 10. a3 Be7 11. Re1 a6 12. Ba2 Qd6 13. Bg5 Rd8 14. Ne2 Nd5 15. Qd3 h6 16. Bd2 Bf8 17. Rad1 b5 18. Bb1 g6 19. h4 h5 20. Ng3 Bg7 21. Bg5 Re8 22. Ne4 Qc7 23. Rc1 Bb7 24. Ba2 Qb6 25. Red1 Nce7 26. Ne5 Bxe5 27. dxe5 Rec8 28. Nd6 Rxc1 29. Rxc1 Rd8 30. Bxd5 Nxd5 31. Bxd8 1-0